 Dungeon Crawl Stone Soup version 0.24.0-123-gd5b16e6ec5 (webtiles) character file.

Game seed: 7518534615136515316, levelgen mode: deterministic

985 Elellon the Carver (level 7, -1/57 HPs)
             Began as a Minotaur Fighter on Jan 21, 2020.
             Was a Follower of Okawaru.
             Slain by a sky beast (6 damage)
             ... on level 5 of the Dungeon.
             The game lasted 00:04:36 (4238 turns).

Elellon the Carver (Minotaur Fighter)               Turns: 4238, Time: 00:04:37

Health: -1/57      AC: 11    Str: 23    XL:     7   Next: 97%
Magic:  6/6        EV:  4    Int:  5    God:    Okawaru [*.....]
Gold:   271        SH:  9    Dex:  9    Spells: 6/6 levels left

rFire    . . .     SeeInvis .   a - +0 long sword
rCold    . . .     Gourm    .   c - +0 shield
rNeg     . . .     Faith    .   t - +0 plate armour
rPois    .         Spirit   .   (helmet restricted)
rElec    .         Reflect  .   (no cloak)
rCorr    .         Harm     .   (no gloves)
MR       .....                  (no boots)
Stlth    ..........             (no amulet)
HPRegen  0.19/turn              (no ring)
MPRegen  0.10/turn              (no ring)

@: no status effects
A: retaliatory headbutt, horns 2
a: Heroism, Renounce Religion


You were on level 5 of the Dungeon.
You worshipped Okawaru.
Okawaru was aware of your devotion.
You were not hungry.

You visited 2 branches of the dungeon, and saw 6 of its levels.

You collected 271 gold pieces.

Inventory:

Hand Weapons
 a - a +0 long sword (weapon)
Missiles
 b - 14 poisoned darts (quivered)
Armour
 c - a +0 shield (worn)
 t - a +0 plate armour (worn)
Jewellery
 k - an uncursed ring of poison resistance {unknown}
Wands
 m - a wand of disintegration (8)
Scrolls
 g - 2 scrolls of fear {unknown}
 i - 4 scrolls of remove curse {unknown}
 j - a scroll of random uselessness {unknown}
 l - 5 scrolls of identify {unknown}
 n - 2 scrolls of magic mapping {unknown}
 r - a scroll of noise {unknown}
Potions
 d - a potion of might
 e - a potion of curing {unknown}
 h - 2 potions of mutation {unknown}
 o - 2 potions of flight {unknown}
 p - 2 potions of haste {unknown}
 q - a potion of berserk rage {unknown}
Comestibles
 f - 10 rations
 s - 5 chunks of flesh


   Skills:
 - Level 3.6 Fighting
 + Level 11.1 Long Blades
 - Level 3.6 Armour
 - Level 3.6 Shields


You had 6 spell levels left.
You didn't know any spells.
Your spell library was empty.

Dungeon Overview and Level Annotations

Branches:
Dungeon (5/15)             Temple (1/1) D:4

Altars:
Fedhas
Makhleb
Okawaru
Ru
Trog
Uskayaw
Vehumet
Xom


Innate Abilities, Weirdness & Mutations

You reflexively headbutt those who attack you in melee.
You have a pair of horns on your head.


Message History

Your plate armour prevents you from hitting something.
You headbutt something. Something hits you but does no damage.
You slash something! Something hits you but does no damage.
You hit something. Something hits you but does no damage.
You miss something. Your headbutt misses something. You barely miss something.
You headbutt something. Something hits you but does no damage.
You closely miss something. Something hits you but does no damage.
You closely miss something. Your headbutt misses something. Something hits you.
* * * LOW HITPOINT WARNING * * *
Something shocks you.
* * * LOW HITPOINT WARNING * * *
You miss something. You headbutt something.
Something hits you but does no damage.
Your shield and plate armour prevent you from hitting something.
Your headbutt misses something. Something hits you but does no damage.
You miss something. Something hits you.
* * * LOW HITPOINT WARNING * * *
Something shocks you.
You die...

#..#...#...#..#.
#........)......
#........)....>.
###.#.....#####.#.
#.###...##....# #
#....>......#.#
#....##.####..#.#####.
##.. #.# #..<........
# #@# #....#####..
#{........#
....##.#.##
.#...#.....
............. ..
............ #.#
....#.##..### #.
##.###.. ..#


There were no monsters in sight!

Vanquished Creatures
  Purgy (D:4)
  2 ogres
  A water moccasin zombie (D:5)
  4 wights (D:4)
  A howler monkey (D:4)
  A crimson imp (D:4)
  An orc wizard (D:4)
  2 orc priests
  2 hounds (D:4)
  4 worker ants
  Robin (D:3)
  8 adders
  2 worms
  3 dart slugs
  2 leopard geckos
  11 orcs
  3 giant cockroaches
  13 hobgoblins
  3 jackals (D:1)
  3 ball pythons
  5 bats
  3 frilled lizards
  16 goblins
  7 kobolds
  7 rats
106 creatures vanquished.

Notes
Turn   | Place    | Note
-------+----------+-------------------------------------------
     0 | D:1      | Elellon the Minotaur Fighter began the quest for the Orb.
     0 | D:1      | Reached XP level 1. HP: 19/19 MP: 0/0
    98 | D:1      | Reached skill level 3 in Long Blades
   179 | D:1      | Reached XP level 2. HP: 26/26 MP: 1/1
   448 | D:1      | Reached skill level 4 in Long Blades
   590 | D:1      | Reached XP level 3. HP: 28/31 MP: 2/2
  1027 | D:2      | Reached skill level 5 in Long Blades
  1038 | D:2      | Found a burning altar of Makhleb.
  1038 | D:2      | Found a shimmering altar of Xom.
  1388 | D:2      | Reached XP level 4. HP: 39/39 MP: 3/3
  1947 | D:3      | Noticed Robin
  1974 | D:3      | Killed Robin
  1974 | D:3      | Reached skill level 6 in Long Blades
  2889 | D:3      | Reached XP level 5. HP: 14/45 MP: 4/4
  3194 | D:4      | Noticed an ogre
  3210 | D:4      | Reached skill level 7 in Long Blades
  3216 | D:4      | Killed an ogre
  3216 | D:4      | Reached XP level 6. HP: 26/51 MP: 5/5
  3221 | D:4      | Reached skill level 8 in Long Blades
  3502 | D:4      | Found a staircase to the Ecumenical Temple.
  3528 | Temple   | Entered the Ecumenical Temple
  3540 | Temple   | Became a worshipper of Warmaster Okawaru
  3824 | D:4      | Reached skill level 9 in Long Blades
  3882 | D:4      | Noticed Purgy
  3888 | D:4      | Reached XP level 7. HP: 57/57 MP: 6/6
  3898 | D:4      | Killed Purgy
  4009 | D:4      | Reached skill level 10 in Long Blades
  4119 | D:5      | Entered Level 5 of the Dungeon
  4145 | D:5      | Reached * piety under Okawaru
  4223 | D:5      | Reached skill level 11 in Long Blades
  4238 | D:5      | Slain by a sky beast

Levels and vault maps discovered:
D:1:      dpeg_arrival_chase, layout_basic, kennysheep_nondescript
D:2:      layout_loops_corners, gammafunk_temple_overflow_statue, first_ration,
          kennysheep_generic_room_13
D:3:      layout_basic, uniq_robin
D:4:      layout_rooms, minmay_temple_entry_large_hall, uniq_purgy
D:5:      layout_loops_ring, old_standard_altar, overflow_temple_1_default,
          gammafunk_temple_overflow_wave, basic_altar, st_stairs_12,
          uniq_duvessa
Temple:   dshaligram_water_room_temple

Skill      XL: |  1  2  3  4  5  6  7 |
---------------+----------------------+-----
Long Blades    | 3 4 5 6 7 9 11 | 11.1
Fighting       | |  3.6
Armour         | |  3.6
Shields        | |  3.6

Action                   |  1- 3 |  4- 6 |  7- 9 || total
-------------------------+-------+-------+-------++-------
Melee: Long sword        |   103 |   156 |    77 ||   336
       Headbutt          |    18 |    21 |    20 ||    59
  Eat: Chunk             |     2 |     8 |     1 ||    11
Armor: Chain mail        |    66 |    79 |       ||   145
       Scale mail        |     2 |       |       ||     2
       Plate armour      |       |    23 |    37 ||    60
Dodge: Dodged            |    28 |    36 |    10 ||    74
Block: Shield            |    50 |    85 |    24 ||   159
       Rpst.: Long sword |     8 |     4 |     6 ||    18
